 Dungeon Crawl Stone Soup version 0.31.0-11-ge490571c62 (webtiles) character file.

Game seed: 16357298336253981961

91 Curundu the Trooper (level 4, -1/55 HPs)
             Began as a Demonspawn Berserker on Feb 7, 2024.
             Was a Follower of Trog.
             Slain by a gnoll
             ... wielding a +0 club
              (7 damage)
             ... on level 3 of the Dungeon.
             The game lasted 00:04:44 (2579 turns).

Curundu the Trooper (Demonspawn Berserker)          Turns: 2579, Time: 00:04:44

Health: -1/55      AC:  2    Str: 19    XL:     4   Next: 33%
Magic:  4/4        EV: 12    Int:  8    God:    Trog [*.....]
Gold:   52         SH:  0    Dex: 12    Spells: 3/3 levels left

rFire   . . .        a - +0 hand axe
rCold   . . .        (no shield)
rNeg    . . .        b - +0 animal skin
rPois   .            (no helmet)
rElec   .            (no cloak)
rCorr   .            (no gloves)
SInv    .            (no boots)
Will    .....        (no amulet) Stlth
                     (no ring)
HPRegen 0.29/turn    (no ring)
MPRegen 0.18/turn

%: no passive effects
@: berserking, very quick
A: magic regeneration
a: Renounce Religion, Berserk


You were on level 3 of the Dungeon.
You worshipped Trog.
Trog was aware of your devotion.
You visited 1 branch of the dungeon, and saw 3 of its levels.

You collected 52 gold pieces.

Inventory:

Hand Weapons
 a - a +0 hand axe (weapon)
Armour
 b - a +0 animal skin (worn)
Scrolls
 c - a scroll of poison {unknown}
 e - a scroll of enchant weapon {unknown}
 f - a scroll of teleportation
Potions
 d - a potion of haste
 g - a potion of enlightenment
 h - a potion of brilliance {unknown}


   Skills:
 + Level 3.7 Fighting
 + Level 3.6 Axes
 + Level 1.9 Armour
 + Level 2.5 Dodging
 + Level 0.3 Stealth


You had 3 spell levels left.
You didn't know any spells.
Your spell library was empty.

Dungeon Overview and Level Annotations

Branches:
Dungeon (3/15)

Altars:


Innate Abilities, Weirdness & Mutations

You regenerate magic rapidly.


Message History

You see here a +0 club.
There is a stone staircase leading down here.
You climb downwards.
There is a stone staircase leading up here.
You can no longer call upon Trog for regeneration and willpower.
Found 4 stones.
You see here 4 stones.
Found a scale mail.
A gnoll comes into view. It is wielding a +0 halberd.
Found a short sword.
The gnoll shouts!
A gnoll comes into view. It is wielding a +0 club.
The gnoll shouts!
A gnoll comes into view. It is wielding a +0 spear.
The gnoll hits you with a +0 halberd!
You hit the gnoll.
The gnoll is moderately wounded.
The gnoll hits you with a +0 halberd.
You barely miss the gnoll.
The gnoll is lightly wounded.
The gnoll closely misses you.
You hit the gnoll but do no damage.
The gnoll is lightly wounded.
The gnoll hits you with a +0 halberd!
* * * LOW HITPOINT WARNING * * *
You hit the gnoll.
The gnoll is severely wounded.
The gnoll barely misses you.
A red film seems to cover your vision as you go berserk!
You feel yourself moving faster!
You feel mighty! The gnoll hits you with a +0 halberd!
* * * LOW HITPOINT WARNING * * *
You slash the gnoll!
You kill the gnoll!
Trog accepts your kill.
You barely miss the gnoll. You hit the gnoll.
The gnoll is heavily wounded.
The gnoll hits you with a +0 club!
You die...

.....# .###.# #########
.# #.# #<....#.. .#
#.###########.#.# .#
#.............#.#
.#################.#
...................#
#################(.#####.
........gg@........
........###########
........+ .)......#
........# ........#
..[.....# ........#


You could see 2 gnolls.

Vanquished Creatures
  Jessica (D:2)
  A gnoll (D:3)
  An adder (D:2)
  2 dart slugs (D:2)
  2 ribbon worms (D:2)
  2 endoplasms (D:1)
  5 goblins
  3 hobgoblins
  4 jackals (D:2)
  A quokka (D:2)
  6 ball pythons
  3 bats
  4 frilled lizards
  3 kobolds
  A rat (D:2)
39 creatures vanquished.

Notes
Turn   | Place    | Note
-------+----------+-------------------------------------------
     0 | D:1      | Curundu the Demonspawn Berserker began the quest for the
                  | Orb.
     0 | D:1      | Reached XP level 1. HP: 18/18 MP: 1/1
   457 | D:1      | Gained mutation: You regenerate magic rapidly. [demonic
                  | ancestry]
   457 | D:1      | Reached XP level 2. HP: 16/24 MP: 2/2
  1256 | D:2      | Identified the staff of Hiwozoe {rElec Dex+6 Air}
  1350 | D:2      | Reached XP level 3. HP: 15/29 MP: 3/3
  1810 | D:2      | Noticed Jessica
  1834 | D:2      | Killed Jessica
  1835 | D:2      | Reached XP level 4. HP: 8/37 MP: 4/4
  2331 | D:2      | Reached ** piety under Trog
  2408 | D:2      | Found a faded altar of an unknown god.
  2579 | D:3      | Slain by a gnoll

Illustrated notes

Levels and vault maps discovered:
D:1:      amcnicky_arrival_blooded_trapdoor, layout_basic, minmay_pentomino_z4
D:2:      layout_loops_corners, chequers_ecumenical_altar_simple, uniq_jessica
D:3:      layout_basic, uniq_sigmund, uniq_ijyb

Skill      XL: |  1  2 |
---------------+-------+-----
Axes           | 3 |  3.6
Dodging        | 2 |  2.5
Fighting       | |  3.7
Armour         | |  1.9
Stealth        | |  0.3

Action                     |  1- 3 |  4- 6 || total
---------------------------+-------+-------++-------
  Melee: Hand axe          |   107 |    41 ||   148
 Invoke: Berserk           |     1 |     1 ||     2
    Use: Scroll            |     4 |     1 ||     5
 Armour: Animal skin       |    59 |    25 ||    84
  Dodge: Dodged            |    81 |    21 ||   102
